 Dungeon Crawl Stone Soup version 0.28.0-53-g5a82cb258f (webtiles) character file.

Game seed: 7615293831278646180

498 Peloso the Slasher (level 6, -14/56 HPs)
             Began as a Minotaur Fighter on July 19, 2022.
             Demolished by an ogre
             ... wielding a +0 giant spiked club
              (15 damage)
             ... on level 4 of the Dungeon.
             The game lasted 00:04:30 (4077 turns).

Peloso the Slasher (Minotaur Fighter)               Turns: 4077, Time: 00:04:30

Health: -14/56     AC: 13    Str: 21    XL:     6   Next: 94%
Magic:  5/5        EV:  6    Int:  5    God:
Gold:   252        SH:  5    Dex: 11    Spells: 5/5 levels left

rFire   . . .      SeeInvis .   a - +0 long sword
rCold   . . .      Faith    .   c - +0 buckler
rNeg    . . .      Spirit   .   l - +0 plate armour
rPois   .          Reflect  .   (helmet restricted)
rElec   .          Harm     .   n - +0 cloak
rCorr   .          Rampage  .   (no gloves)
Will    .....                   (no boots)
Stlth   ..........              (no amulet)
HPRegen 0.18/turn               m - ring of flight
MPRegen 0.09/turn               (no ring)

@: flying
A: horns 2, retaliatory headbutt, wild magic 1
a: no special abilities


You were on level 4 of the Dungeon.
You visited 1 branch of the dungeon, and saw 4 of its levels.

You collected 252 gold pieces.

Inventory:

Hand Weapons
 a - a +0 long sword (weapon)
Armour
 b - a +0 scale mail
 c - a +0 buckler (worn)
 g - a +0 chain mail
 l - a +0 plate armour (worn)
 n - a +0 cloak (worn)
Jewellery
 m - a ring of flight (left hand)
 p - a ring of see invisible
Scrolls
 e - a scroll of acquirement
 o - a scroll of summoning {unknown}
 q - a scroll of enchant weapon {unknown}
 r - 2 scrolls of magic mapping {unknown}
Potions
 d - a potion of might
 f - 2 potions of mutation
 h - a potion of resistance {unknown}
 i - a potion of magic {unknown}
 j - 2 potions of brilliance {unknown}
 k - a potion of curing {unknown}
 s - 2 potions of heal wounds {unknown}
 t - a potion of haste {unknown}


   Skills:
 + Level 5.1 Fighting
 + Level 5.9 Long Blades
 + Level 5.9 Armour
 + Level 1.0 Dodging
 + Level 4.6 Shields


You had 5 spell levels left.
You didn't know any spells.
Your spell library contained the following spells:

 Spells                   Type           Power      Damage    Failure   Level
 Foxfire                  Conj/Fire      0%         2x1d4     100%        1
 Slow                     Hex            0%         N/A       100%        1
 Ensorcelled Hibernation  Hex/Ice        0%         N/A       100%        2
 Passwall                 Tmut/Erth      0%         N/A       100%        2
 Sublimation of Blood     Necr           0%         N/A       100%        2
 Wereblood                Tmut           0%         N/A       100%        2
 Confusing Touch          Hex            0%         N/A       100%        3
 Gell's Gravitas          Tloc           0%         N/A       100%        3
 Swiftness                Air            0%         N/A       100%        3
 Vampiric Draining        Necr           0%         2d6       100%        3
 Dispersal                Tloc           0%         N/A       100%        6
 Summon Hydra             Summ           0%         N/A       100%        7


Dungeon Overview and Level Annotations

Branches:
Dungeon (4/15)
 Temple: D:4-7

Altars:
Zin

Shops:
D:4 *


Innate Abilities, Weirdness & Mutations

You have a pair of horns on your head.
You reflexively headbutt those who attack you in melee.
Your spells are a little harder to cast, but a little more powerful.


Message History

You kill the jackal!
The jackal barely misses you.
You see here a jackal corpse.
You barely miss the jackal.
The jackal bites you but does no damage.
You block the jackal's attack.
You barely miss the jackal.
The jackal bites you but does no damage. x2
You closely miss the jackal.
The jackal bites you but does no damage.
You hit the jackal.
You kill the jackal!
You see here a jackal corpse.
You see here a jackal corpse.
You see here a jackal corpse.
There is a stone staircase leading down here.
You reach down and open the door.
There is an open door here. 2 ogres come into view.
The ogre shouts! x2
There are monsters nearby!
There is an open door here.
You completely miss the ogre. The ogre hits you with a +0 giant club!
You barely miss the ogre. You headbutt the ogre!
The ogre is heavily wounded.
The ogre hits you with a +0 giant club!
You hit the ogre.
The ogre is heavily wounded.
The ogre hits you with a +0 giant club!
You hit the ogre but do no damage.
The ogre is heavily wounded.
The ogre hits you with a +0 giant club!!
* * * LOW HITPOINT WARNING * * *
You hit the ogre but do no damage. You headbutt the ogre!
You kill the ogre!
It was a potion of mutation.
You feel extremely strange.
Your connection to magic feels subdued.
Your magic regains its normal vibrancy.
You feel less in control of your magic.
The ogre hits you with a +0 giant spiked club!
You die...

..## ....#..
#...#####.....##. ..#
......#
##......#.........
.)####..# #.##
#.................
#..##..#
#..###........###......
##..#.#
##............##
###.... ##....#
##..#...####...# #....
......###..####.# ###.#
##.... #####.##..##
#O## #.#####.....
##...## ##@#
##.##........ ###.###.#
#.# ##.#..######.#
#..## ..# ### #.###.##
### #### .## ### ##.#
## ###


You could see an ogre.

Vanquished Creatures
  A black bear (D:4)
  An ogre (D:4)
  Blork the orc (D:4)
  A scorpion (D:4)
  An orc priest (D:4)
  Terence (D:3)
  An iguana (D:4)
  5 adders
  An ufetubus (D:4)
  A worm (D:3)
  A dart slug (D:1)
  3 orcs (D:4)
  7 ball pythons
  3 bats
  5 endoplasms
  6 goblins
  7 hobgoblins
  6 jackals
  6 kobolds
  6 quokkas
  2 frilled lizards
  8 rats
74 creatures vanquished.

Notes
Turn   | Place    | Note
-------+----------+-------------------------------------------
     0 | D:1      | Peloso the Minotaur Fighter began the quest for the Orb.
     0 | D:1      | Reached XP level 1. HP: 19/19 MP: 0/0
   194 | D:1      | Found a faded altar of an unknown god.
   350 | D:1      | Reached XP level 2. HP: 27/27 MP: 1/1
   378 | D:1      | Identified a scroll of acquirement
   729 | D:1      | Reached XP level 3. HP: 33/33 MP: 2/2
  1642 | D:2      | Got the Volume of the Unstable Arsonist
  1927 | D:3      | Noticed Terence
  1932 | D:3      | Killed Terence
  1933 | D:3      | Reached XP level 4. HP: 40/40 MP: 3/3
  2965 | D:4      | Noticed Blork the orc
  2972 | D:4      | Killed Blork the orc
  2973 | D:4      | Reached skill level 5 in Long Blades
  2973 | D:4      | Reached skill level 1 in Dodging
  2973 | D:4      | Reached XP level 5. HP: 38/47 MP: 4/4
  3247 | D:4      | Reached skill level 5 in Armour
  3252 | D:4      | Reached XP level 6. HP: 50/53 MP: 5/5
  3547 | D:4      | Reached skill level 5 in Fighting
  3898 | D:4      | Found a glowing silver altar of Zin.
  3898 | D:4      | Found Zin's Purification Station.
  4075 | D:4      | HP: 1/56 [ogre/+0 giant club (18)]
  4077 | D:4      | Gained mutation: Your spells are a little easier to cast,
                  | but a little less powerful. [potion of mutation]
  4077 | D:4      | Lost mutation: Your spells are a little easier to cast, but
                  | a little less powerful. [potion of mutation]
  4077 | D:4      | Gained mutation: Your spells are a little harder to cast,
                  | but a little more powerful. [potion of mutation]
  4077 | D:4      | Demolished by an ogre

Illustrated notes

Levels and vault maps discovered:
D:1:      ncdulo_lavacross, layout_basic, ebering_ecumenical_altar_sacrificial
D:2:      layout_loops_ring, minmay_indecisive_spiral
D:3:      minmay_evil_eye, layout_loops_corners, grunt_decor_resistance,
          uniq_terence
D:4:      minmay_chambers_of_twos, layout_layer_cave, zin_purify,
          uniq_blork_the_orc

Skill      XL: |  1  2  3  4  5  6 |
---------------+-------------------+-----
Armour         | 4 5 |  5.9
Fighting       | 4 5 |  5.1
Long Blades    | 3 5 |  5.9
Shields        | 4 |  4.6
Dodging        | 1 |  1.0

Action                   |  1- 3 |  4- 6 || total
-------------------------+-------+-------++-------
Melee: Long sword        |    84 |    80 ||   164
       Headbutt          |     7 |    14 ||    21
  Use: Scroll            |     1 |       ||     1
       Potion            |       |     1 ||     1
Armor: Scale mail        |    10 |       ||    10
       Chain mail        |    48 |       ||    48
       Plate armour      |    13 |    45 ||    58
Dodge: Dodged            |    39 |    17 ||    56
Block: Buckler           |    26 |    18 ||    44
